 Dungeon Crawl Stone Soup version 0.23.0-3-gf3c87f2 (webtiles) character file.

Game seed: 11067885158814367080

350568 MalarOregon the Acrobat (level 22, -6/181 HPs)
             Began as a Merfolk Gladiator on Feb 20, 2019.
             Was an Initiate of Gozag.
             Mangled by a Hell Sentinel (22 damage)
             ... summoned by an ancient lich
             ... on level 4 of the Vaults on Feb 23, 2019.
             The game lasted 03:38:53 (79365 turns).

MalarOregon the Acrobat (Merfolk Gladiator)        Turns: 79365, Time: 03:38:54

Health: -6/181     AC: 27    Str: 21    XL:     22   Next: 21%
Magic:  38/38      EV: 23    Int: 20    God:    Gozag
Gold:   4130       SH: 16    Dex: 16    Spells: 23/45 levels left

rFire    + . .     SeeInvis +   a - +0 demon trident (elec)
rCold    + . .     Gourm    .   U - +2 shield of Resistance {rF+ rC+ MR+}
rNeg     . . .     Faith    .   A - +6 scale mail of Jooxo {Str+2 SInv}
rPois    +         Spirit   .   F - +0 Maxwell's etheric cage {RegenMP+ *Contam rElec MP+4}
rElec    +         Reflect  .   P - +2 cloak
rCorr    .         Harm     .   T - +2 pair of gloves {Dex+3}
MR       +++..                  p - +2 pair of boots
Stlth    ..........             z - amulet "Toit" {Acrobat Int+2}
HPRegen  0.40/turn              l - ring of protection from magic MPRegen 0.76/turn*
                                M - +5 ring of strength

@: darkness, drained
A: change form in water, swift swim, stealthy swim, blink, clumsy 1, low mp 1,
poison resistance, wild magic 1, MP-powered wands
}: 2/15 runes: decaying, serpentine
a: Blink, Potion Petition, Call Merchant, Bribe Branch, Renounce Religion


You were on level 4 of the Vaults.
You worshipped Gozag.
Gozag was most pleased with you.
You were not hungry.

You visited 7 branches of the dungeon, and saw 37 of its levels.
You visited the Abyss 1 time.
You also visited: Gauntlet.

You collected 19137 gold pieces.
You spent 11275 gold pieces at shops.
You paid 3732 gold pieces to Gozag.

Inventory:

Hand Weapons
 a - a +0 demon trident of electrocution (weapon)
   (You acquired it on level 4 of the Vaults)
 b - the +8 hunting sling of Fuilim {freeze, Str+3}
   (You found it on level 7 of the Dungeon)

   It causes projectiles fired from it to freeze those they strike, causing
   extra injury to most foes and up to half again as much damage against
   particularly susceptible opponents.
   They can also slow down cold-blooded creatures.
   It affects your strength (+3).
Missiles
 q - 5 throwing nets (quivered) {!f}
 S - 87 sling bullets
Armour
 p - a +2 pair of boots (worn)
   (You found it on level 12 of the Dungeon)
 A - the +6 scale mail of Jooxo (worn) {Str+2 SInv}
   (You bought it in a shop on level 2 of the Orcish Mines)

   It affects your strength (+2).
   It lets you see invisible.
 F - the +0 Maxwell's etheric cage (worn) {RegenMP+ *Contam rElec MP+4}
   (You bought it in a shop on level 2 of the Orcish Mines)

   It insulates you from electricity.
   It affects your magic capacity (+4).
   It causes magical contamination when unequipped.
 P - a +2 cloak (worn)
   (You found it on level 14 of the Dungeon)
 T - a +2 pair of gloves of dexterity (worn)
   (You found it on level 6 of the Lair of Beasts)
 U - the +2 shield of Resistance (worn) {rF+ rC+ MR+}
   (You found it on level 11 of the Dungeon)

   It protects you from fire.
   It protects you from cold.
   It affects your resistance to hostile enchantments.
Jewellery
 i - an uncursed ring of protection from fire
   (You found it on level 14 of the Dungeon)
 l - a ring of protection from magic (left hand)
   (You found it on level 15 of the Dungeon)
 z - the amulet "Toit" (around neck) {Acrobat Int+2}
   (You bought it in a shop on level 3 of the Snake Pit)

   [amulet of the acrobat]

   It helps you evade while moving and waiting.
   It affects your intelligence (+2).
 I - an uncursed ring of positive energy
   (You found it on level 9 of the Dungeon)
 M - a +5 ring of strength (right hand)
   (You found it on level 5 of the Lair of Beasts)
 N - an uncursed ring of ice
   (You found it on level 7 of the Dungeon)
Wands
 d - a wand of iceblast (43)
   (You found it on level 11 of the Dungeon)
 t - a wand of flame (34)
   (You took it off Joseph on level 9 of the Dungeon)
 u - a wand of paralysis (6)
   (You found it on level 4 of the Vaults)
 v - a wand of digging (21)
   (You found it on level 5 of the Dungeon)
 x - a wand of acid (9)
   (You found it on level 8 of the Dungeon)
 W - a wand of scattershot (7)
   (You bought it in a shop on level 14 of the Dungeon)
 X - a wand of clouds (3)
   (You bought it in a shop on level 14 of the Dungeon)
Scrolls
 j - 6 scrolls of identify {@r1}
 k - 5 scrolls of blinking
 w - 4 scrolls of fear
 B - 8 scrolls of teleportation {@r4}
 D - 11 scrolls of remove curse {@r2}
 E - 2 scrolls of vulnerability {!r}
 G - a scroll of enchant armour
 Q - 3 scrolls of immolation {!r}
 Z - 5 scrolls of magic mapping
Potions
 c - 2 potions of agility
 f - 7 potions of curing {@q1}
 h - 6 potions of lignification {!q}
 m - 2 potions of invisibility
 n - 3 potions of cancellation
 o - 2 potions of berserk rage
 r - 7 potions of haste {@q3}
 H - 11 potions of flight
 J - 6 potions of mutation {!q}
 L - 5 potions of brilliance
 O - 3 potions of might
 V - 4 potions of magic
 Y - a potion of resistance
Miscellaneous
 C - a phial of floods
   (You found it on level 1 of the Vaults)
 R - a lamp of fire (inert)
   (You found it on level 4 of the Lair of Beasts)
Comestibles
 e - 3 rations {!d}


   Skills:
 - Level 17.0(15.7) Fighting
 - Level 14.1(12.8) Polearms
 - Level 2.0(1.1) Throwing
 - Level 12.1(11.0) Armour
 + Level 21.0(19.7) Dodging
 - Level 15.0(13.7) Shields
 + Level 12.2(11.0) Spellcasting
 + Level 16.1(14.8) Hexes
 + Level 6.9(5.9) Summonings
 - Level 10.8(9.7) Transmutations


You had 23 spell levels left.
You knew the following spells:

 Your Spells              Type           Power        Failure   Level  Hunger
a - Yara's Violent Unrav  Hex/Tmut       ######....   5%          5    ####...
b - Darkness              Hex            #######...   9%          6    ######.
d - Shadow Creatures      Summ           N/A          95%         6    ######.
g - Silence               Hex/Air        ######....   30%         5    ####...

Your spell library contained the following spells:

 Spells                   Type           Power        Failure   Level  Hunger
 Confusing Touch          Hex            ######       1%          1    None
 Corona                   Hex            #######      1%          1    None
 Slow                     Hex            #######.     1%          2    None
 Confuse                  Hex            #######.     1%          3    None
 Tukima's Dance           Hex            #######.     1%          3    None
 Summon Small Mammal      Summ           ####         2%          1    None
 Ensorcelled Hibernation  Hex/Ice        ######       2%          2    None
 Dazzling Spray           Conj/Hex       ######       4%          3    None
 Spectral Weapon          Hex/Chrm       ######..     4%          3    None
 Animate Skeleton         Necr           N/A          22%         1    None
 Apportation              Tloc           ##....       22%         1    None
 Freeze                   Ice            ##..         22%         1    None
 Magic Dart               Conj           ##..         22%         1    None
 Shock                    Conj/Air       ##..         22%         1    None
 Petrify                  Tmut/Erth      #####...     30%         4    ##.....
 Metabolic Englaciation   Hex/Ice        ######....   30%         5    ####...
 Swiftness                Chrm/Air       ##......     32%         2    None
 Throw Frost              Conj/Ice       ##....       32%         2    None
 Gell's Gravitas          Tloc           ##........   52%         3    None
 Ozocubu's Armour         Chrm/Ice       ##......     52%         3    None
 Static Discharge         Conj/Air       ##......     52%         3    None
 Stone Arrow              Conj/Erth      ##....       52%         3    None
 Summon Ice Beast         Ice/Summ       ####....     52%         4    ##.....
 Airstrike                Air            ##........   89%         4    ##.....
 Throw Icicle             Conj/Ice       ##......     89%         4    ##.....
 Borgnjor's Vile Clutch   Necr/Erth      ##........   99%         5    ####...
 Lightning Bolt           Conj/Air       ##........   99%         5    ####...
 Bolt of Cold             Conj/Ice       ##........   100%        6    ######.


Dungeon Overview and Level Annotations

Branches:
Dungeon (15/15)            Temple (1/1) D:5            Lair (6/6) D:11
  Swamp (4/4) Lair:2        Snake (4/4) Lair:4        Slime (0/5) Lair:6
    Orc (2/2) D:9             Elf (0/3) Orc:2        Vaults (5/5) D:13
  Crypt (0/3) Vaults:2     Depths (0/5) D:15

Altars:
Ashenzari
Cheibriados
Dithmenos
Elyvilon
Fedhas
Gozag
Hepliaklqana
Kikubaaqudgha
Makhleb
Nemelex Xobeh
Okawaru
Qazlal
Ru
Sif Muna
Trog
Uskayaw
Vehumet
Wu Jian
Xom
Yredelemnul
Zin
The Shining One
Beogh
Jiyva

Shops:
D:10 *   D:11 !   D:14 }   Orc:2 ([[   Snake:2 :*[   Snake:3 ==?(   Vaults:1 =

Annotations:
Swamp:1 2 transporters, doot's ghost, journeyman DsAK
Snake:2 2 transporters, Sokuv's ghost, adept DECj
Snake:4 1 runed translucent door, Siddir's ghost, journeyman MiBe


Innate Abilities, Weirdness & Mutations

You revert to your normal form in water You are very nimble and swift while swimming.
You are very stealthy in the water. (Stealth+)
You can translocate small distances at will.
You are clumsy. (Dex -2)
Your magical capacity is low. (-10% MP)
Your system is resistant to poisons. (rPois)
Your spells are a little harder to cast, but a little more powerful.
You expend magic power (3 MP) to strengthen your wands.


Message History

Unknown command.
You barely miss the ancient lich.
The terrible wounds on your body vanish.
The ancient lich gestures wildly while chanting.
Okay, then.
Here: an ancient lich The floor, spattered with blood.
Aim: an ancient lich You feel a surge of power!
The bolt of acid misses the ancient lich.
The ancient lich completely misses you.
Aim: an ancient lich You feel a surge of power!
The bolt of acid hits the ancient lich!
The ancient lich is splashed with acid.
The ancient lich completely misses you. The Hell Sentinel misses you.
You block the Hell Sentinel's attack.
Aim: an ancient lich (lightly damaged)
You feel a surge of power!
The bolt of acid hits the ancient lich but does no damage.
The ancient lich casts a spell.
The ancient lich flickers and vanishes for a moment.
The Hell Sentinel closely misses you.
The Hell Sentinel hits you but does no damage.
Aim: an ancient lich (lightly damaged, slightly transparent)
You feel a surge of power!
The bolt of acid misses the ancient lich.
The ancient lich mumbles some strange words.
The Hell Sentinel closely misses you. You block the Hell Sentinel's attack.
Aim: an ancient lich (lightly damaged, slightly transparent)
You feel a surge of power!
The bolt of acid hits the ancient lich!
The ancient lich is splashed with acid!
The acid corrodes the ancient lich!
The bolt of acid misses the hellion.
You block the ancient lich's attack. The Hell Sentinel hits you.
* * * LOW HITPOINT WARNING * * *
The Hell Sentinel hits you!!
* * * LOW HITPOINT WARNING * * *
You hit the ancient lich but do no damage.
You barely miss the ancient lich.
The ancient lich gestures at you while chanting.
The bolt of fire misses you. The Hell Sentinel gestures at you.
The iron shot hits you!!!
* * * LOW HITPOINT WARNING * * *
[a] - 308 gold - curing and magic [b] - 675 gold - might, agility, brilliance, resistance and flight [c] - 638 gold - resistance, invisibility and agility Purchase which effect?
You feel better. Magic courses through your body.
You block the ancient lich's attack. The Hell Sentinel hits you!!
You die...
Your body crumbles into a pile of gold.

.................................
.................................
..............................###
..............................#..
......################........'..
......#..............#........#..
......#..............#........#..
##....#........2.[...#........#..
.#....#........1@....#........#..
.#....#........L.....#..).....###
.#....#.......((.....#...........
.#....##'####'########...........
.#......[[..(.)(.................
.############################....
.# ######################## #....
.# #..##..##..##.(##..##..# #....
.###..##..##..##.(##..##..###....


You could see a Hell Sentinel, an ancient lich (invisible) and a hellion.

Vanquished Creatures
  Vashnia (Snake:3)
  2 tentacled monstrosities
  A quicksilver dragon (Vaults:4)
  Asterion (Snake:3)
  A titan (Vaults:4)
  Frances (D:12)
  2 tentacled starspawn (Abyss:3)
  Agnes (D:15)
  3 shadow dragons (Vaults:4)
  Roxanne (Snake:3)
  2 storm dragons (Vaults:4)
  The ghost of poirepourri the Severer, an adept MiFi of Okawaru (Snake:1)
  2 deep elf sorcerers
  6 nagarajas (Snake:4)
  4 fire giants
  3 frost giants
  An orc warlord (Orc:2)
  7 vault wardens
  Louise (Swamp:1)
  An iron dragon (Vaults:4)
  5 very ugly things (Vaults:4)
  7 ironheart preservers
  2 entropy weavers (Vaults:4)
  A deep elf demonologist (Vaults:2)
  6 stone giants
  A dire elephant (Gauntlet)
  Azrael (D:13)
  A lorocyproca (Abyss:3)
  Snorg (D:11)
  3 ettins
  A minotaur (Gauntlet)
  Josephine (D:15)
  10 yaktaur captains
  Erolcha (Orc:1)
  A great orb of eyes (Vaults:3)
  2 rakshasas
  4 fire dragons
  Fannar (Lair:1)
  4 catoblepae
  18 hydras
  23 vault guards
  6 ice dragons
  22 naga warriors
  A shambling mangrove (Swamp:3)
  A hydra (shapeshifter) (Vaults:1)
  A ghost crab (Swamp:3)
  4 anacondas
  4 death knights
  4 centaur warriors
  A tengu warrior (D:14)
  36 two-headed ogres
  A deep troll earth mage (Vaults:3)
  A deep troll shaman (Vaults:2)
  An orc high priest (Orc:2)
  8 ogre magi
  16 alligators
  11 death yaks
  4 thrashing horrors
  Urug (Lair:5)
  13 naga sharpshooters
  5 deep elf knights
  Sonja (D:10)
  2 wretched stars (Abyss:3)
  A fire crab (Lair:6)
  A sixfirhy (Abyss:3)
  3 shadow wraiths
  8 shock serpents
  2 salamander mystics (Snake:4)
  A death drake (Gauntlet)
  3 unseen horrors
  3 wizards
  4 skeletal warriors
  3 spriggan druids
  4 deep trolls
  A flayed ghost (Vaults:2)
  3 naga ritualists
  10 swamp dragons
  A wolf spider zombie (D:13)
  A glowing orange brain (Abyss:3)
  A spectral wolf spider (Gauntlet)
  12 ironbrand convokers
  A harpy (Vaults:3)
  11 orc knights
  A necromancer (Vaults:2)
  4 deep elf archers
  11 mana vipers
  4 deep elf magi
  A phantasmal warrior (Vaults:4)
  5 orc sorcerers
  4 wolf spiders
  An orb spider (shapeshifter) (Vaults:3)
  A faun (Lair:1)
  44 ugly things
  An iron dragon zombie (Abyss:3)
  A spectral centaur (Gauntlet)
  2 cyclopes
  7 salamanders
  4 manticores
  30 black mambas
  10 vault sentinels
  Psyche (D:10)
  12 elephants
  A black mamba (shapeshifter) (Vaults:4)
  6 guardian serpents
  Maurice (D:11)
  26 naga magi
  10 spiny frogs
  Joseph (D:9)
  3 smoke demons (Abyss:3)
  7 freezing wraiths
  39 yaktaurs
  A kobold demonologist (D:13)
  6 komodo dragons
  2 hellwings (Abyss:3)
  An anaconda simulacrum (Snake:1)
  2 rime drakes
  An ice devil (Abyss:3)
  2 ancient zymes (Abyss:3)
  7 trolls
  9 tyrant leeches
  A jumping spider (Vaults:4)
  A merfolk (shapeshifter) (Vaults:1)
  3 polar bears
  17 hornets
  40 slime creatures
  A fire giant simulacrum (Vaults:3)
  6 raiju
  16 bog bodies
  6 dream sheep (Lair:6)
  17 blink frogs
  A spectral guardian serpent (Snake:1)
  A blink frog (shapeshifter) (Vaults:4)
  9 hippogriffs
  8 spriggans
  5 wraiths
  8 flying skulls (Abyss:3)
  A shock serpent simulacrum (Snake:1)
  5 redbacks (Vaults:4)
  A spectral black mamba (Snake:1)
  A water elemental (D:15)
  4 shadows
  44 yaks
  A chaos spawn (Abyss:3)
  A basilisk (shapeshifter) (Vaults:4)
  14 vampire mosquitoes
  3 golden eyes (Abyss:3)
  A fire elemental (D:13)
  Eustachio (D:5)
  2 hungry ghosts
  A neqoxec (Abyss:3)
  18 insubstantial wisps
  76 nagas
  7 acid dragons
  3 wargs
  Duvessa (D:7)
  3 hell hounds (D:13)
  11 swamp worms
  11 water moccasins
  12 porcupines
  4 spectral nagas (Snake:1)
  41 orc warriors
  5 phantoms
  2 black bears
  A necrophage (D:5)
  A sky beast (D:8)
  4 ice beasts
  12 swamp drakes
  A black mamba simulacrum (Snake:1)
  24 ogres
  4 boggarts (D:15)
  12 centaurs
  2 small abominations (Abyss:3)
  37 wolves
  9 crocodiles
  4 big kobolds
  10 bullfrogs
  Dowan (D:7)
  2 wyvern skeletons
  6 scorpions
  A water moccasin skeleton (D:7)
  11 killer bees
  2 wights (D:13)
  A human simulacrum (Vaults:1)
  5 electric eels
  2 jellies
  4 howler monkeys
  A lava snake (D:14)
  4 crimson imps
  4 centaur zombies
  A bullfrog zombie (D:10)
  A naga simulacrum (Snake:1)
  3 bullfrog skeletons
  24 orc priests
  9 hounds
  34 orc wizards
  4 centaur skeletons
  4 iguanas
  22 worker ants
  A killer bee zombie (D:10)
  2 hound skeletons
  2 worker ant zombies
  Robin (D:3)
  14 adders
  2 howler monkey skeletons (D:5)
  6 shadow imps
  An ufetubus (Abyss:3)
  An ooze (D:3)
  3 adder skeletons
  An adder zombie (D:8)
  A worm (D:3)
  4 dart slugs
  7 leopard geckos
  99 orcs
  An orc (shapeshifter) (Vaults:1)
  2 ball pythons
  8 bats
  4 giant cockroaches
  2 gnoll zombies (D:7)
  17 goblins
  7 hobgoblins
  10 jackals
  2 quokkas
  A frilled lizard (D:1)
  2 jackal skeletons (D:4)
  11 kobolds
  4 rats
  2 fungi (Lair:6)
  3 plants
  4 starspawn tentacles (Abyss:3)
  A withered plant (Gauntlet)
1530 creatures vanquished.

Vanquished Creatures (collateral kills)
  the Lernaean hydra (Swamp:4)
  A hydra (Swamp:4)
2 creatures vanquished.

Vanquished Creatures (others)
  A fire dragon (D:15)
  2 naga sharpshooters
  A naga ritualist (Snake:2)
  A deep elf mage (Vaults:1)
  A salamander (Snake:4)
  A vault sentinel (Vaults:3)
  A vampire mosquito (Swamp:4)
  A swamp worm (Swamp:4)
  A naga (Snake:3)
  An orc warrior (D:13)
  An orc wizard (D:13)
  2 orcs (Orc:2)
  6 demonic plants (Gauntlet)
  38 fungi
  30 plants
  13 starspawn tentacles (Abyss:3)
  15 withered plants (Gauntlet)
116 creatures vanquished.

Grand Total: 1648 creatures vanquished

Notes
Turn   | Place    | Note
-------+----------+-------------------------------------------
     0 | D:1      | MalarOregon the Merfolk Gladiator began the quest for the
                  | Orb.
     0 | D:1      | Reached XP level 1. HP: 16/16 MP: 1/1
    58 | D:1      | Reached XP level 2. HP: 22/23 MP: 2/2
    93 | D:1      | Reached skill level 5 in Polearms
   198 | D:1      | Reached XP level 3. HP: 28/28 MP: 3/3
   932 | D:2      | Reached XP level 4. HP: 31/34 MP: 4/4
  1058 | D:2      | Noticed a fire elemental
  1060 | D:2      | Found a stormy altar of Qazlal.
  1061 | D:2      | Noticed an air elemental
  1061 | D:2      | Noticed an earth elemental
  1061 | D:2      | Noticed a water elemental
  1087 | D:2      | Found a white marble altar of Elyvilon.
  1268 | D:2      | Reached skill level 1 in Shields
  1517 | D:3      | Reached skill level 5 in Dodging
  1517 | D:3      | Reached XP level 5. HP: 27/41 MP: 5/5
  1598 | D:3      | HP: 2/41 [orc priest/+0 hand axe (5)]
  1942 | D:3      | Noticed Robin
  1967 | D:3      | Reached XP level 6. HP: 45/47 MP: 6/6
  1970 | D:3      | Killed Robin
  3028 | D:4      | Noticed a phantom
  3625 | D:3      | Killed a phantom
  3625 | D:3      | Reached XP level 7. HP: 40/54 MP: 7/7
  3730 | D:4      | Reached skill level 6 in Dodging
  4191 | D:4      | Found a snail-covered altar of Cheibriados.
  5179 | D:4      | Found a sacrificial altar of Ru.
  5202 | D:5      | Entered Level 5 of the Dungeon
  5240 | D:5      | Found a staircase to the Ecumenical Temple.
  5271 | Temple   | Entered the Ecumenical Temple
  5398 | D:5      | Reached XP level 8. HP: 61/61 MP: 8/8
  5475 | D:5      | Noticed Eustachio
  5523 | D:5      | Killed Eustachio
  5523 | D:5      | Reached skill level 5 in Fighting
  6203 | D:5      | Reached skill level 10 in Polearms
  7131 | D:6      | Found a glowing golden altar of the Shining One.
  7188 | D:6      | Found Qyzenus's Distillery.
  7195 | D:6      | Bought a potion of heal wounds for 65 gold pieces
  7195 | D:6      | Bought a potion of lignification for 39 gold pieces
  7519 | D:7      | Reached XP level 9. HP: 62/68 MP: 9/9
  7539 | D:7      | Noticed Dowan
  7541 | D:7      | Noticed Duvessa
  7563 | D:7      | Killed Duvessa
  7573 | D:7      | Killed Dowan
  7927 | D:7      | Got a fine hunting sling
  7928 | D:7      | Identified the +8 hunting sling of Fuilim {freeze, Str+3}
                  | (You found it on level 7 of the Dungeon)
  8947 | D:7      | Found an opulent altar of Gozag.
  8949 | D:7      | Found a sparkling altar of Nemelex Xobeh.
  8967 | D:7      | Became a worshipper of Gozag Ym Sagoz the Greedy
  9138 | D:7      | Found a basalt altar of Yredelemnul.
  9570 | D:8      | Learned a level 5 spell: Yara's Violent Unravelling
  9612 | D:8      | Reached skill level 1 in Transmutations
  9633 | D:8      | Noticed a two-headed ogre
  9659 | D:8      | Reached skill level 1 in Spellcasting
  9674 | D:8      | Killed a two-headed ogre
  9674 | D:8      | Reached XP level 10. HP: 37/79 MP: 10/13
  9940 | D:8      | Found a burning altar of Makhleb.
 10265 | D:8      | Found a deep blue altar of Sif Muna.
 10552 | D:9      | Found a shattered altar of Ashenzari.
 10552 | D:9      | Found an iron altar of Okawaru.
 10705 | D:9      | Noticed a two-headed ogre
 10718 | D:9      | Killed a two-headed ogre
 10718 | D:9      | Reached skill level 5 in Transmutations
 10808 | D:9      | Found a staircase to the Orcish Mines.
 10818 | D:9      | Noticed Joseph
 10828 | D:9      | Killed Joseph
 10972 | D:9      | Found a deep blue altar of Sif Muna.
 11191 | D:9      | Found a blossoming altar of Fedhas.
 11378 | D:10     | Entered Level 10 of the Dungeon
 11421 | D:10     | Noticed Psyche
 11443 | D:10     | Killed Psyche
 11448 | D:10     | Reached skill level 5 in Spellcasting
 11448 | D:10     | Reached XP level 11. HP: 70/88 MP: 16/18
 11849 | D:10     | Noticed a two-headed ogre
 11860 | D:10     | Killed a two-headed ogre
 11860 | D:10     | Reached skill level 10 in Fighting
 11884 | D:10     | Noticed Sonja
 12189 | D:10     | Killed Sonja
 12703 | D:10     | Found Meriteyd's Assorted Antiques.
 12716 | D:10     | Bought a potion of curing for 93 gold pieces
 12716 | D:10     | Bought a scroll labeled LEECKE BINI for 31 gold pieces
 12716 | D:10     | Bought a graven book for 465 gold pieces
 12716 | D:10     | Bought a scroll of remove curse for 93 gold pieces
 12716 | D:10     | Bought a scroll of teleportation for 93 gold pieces
 12716 | D:10     | Bought a scroll labeled HECAR ZOEBA for 31 gold pieces
 13188 | D:11     | Noticed Snorg
 13408 | D:11     | Found Cuynej's Distillery.
 13451 | D:11     | Noticed a two-headed ogre
 13731 | D:11     | Killed a two-headed ogre
 13847 | D:11     | Noticed a fire dragon
 13850 | D:11     | Noticed an ice dragon
 13858 | D:11     | Found a runed translucent door.
 13904 | D:11     | Noticed Maurice
 13961 | D:11     | Killed Maurice
 14302 | D:11     | Noticed a fire dragon
 14303 | D:11     | Noticed an ice dragon
 14305 | D:11     | Found the +2 shield of Resistance {rF+ rC+ MR+}
 14329 | D:11     | Found a runed translucent door.
 14378 | D:11     | Paralysed by a hornet for 3 turns
 14822 | D:11     | Killed Snorg
 14822 | D:11     | Reached skill level 10 in Transmutations
 14822 | D:11     | Reached XP level 12. HP: 70/100 MP: 22/22
 15138 | D:11     | Found a staircase to the Lair.
 15365 | D:6      | Bought a potion of experience for 650 gold pieces
 15365 | D:6      | Reached XP level 13. HP: 106/106 MP: 23/23
 15609 | Lair:1   | Entered Level 1 of the Lair of Beasts
 15883 | Lair:1   | Noticed Fannar
 15898 | Lair:1   | Killed Fannar
 15898 | Lair:1   | Reached skill level 1 in Hexes
 15969 | Lair:1   | Reached skill level 7 in Dodging
 17304 | Lair:2   | Reached skill level 8 in Dodging
 19398 | Lair:2   | Found a staircase to the Swamp.
 20776 | Lair:3   | Reached skill level 9 in Dodging
 21659 | Lair:4   | Found a gate leading to a gauntlet.
 21668 | Gauntlet | Entered a Gauntlet
 21668 | Gauntlet | Found a transporter.
 21668 | Gauntlet | Found a transporter.
 21743 | Gauntlet | Found a transporter.
 21838 | Gauntlet | Found a transporter.
 21863 | Gauntlet | Found a large runed translucent door.
 21864 | Gauntlet | Found a large runed translucent door.
 21865 | Gauntlet | Found a large runed translucent door.
 21865 | Gauntlet | Found a large runed translucent door.
 21865 | Gauntlet | Found a runed translucent door.
 21865 | Gauntlet | Found a runed translucent door.
 21866 | Gauntlet | Found a large runed translucent door.
 21866 | Gauntlet | Found a large runed translucent door.
 21866 | Gauntlet | Found a large runed translucent door.
 21866 | Gauntlet | Found a large runed translucent door.
 21867 | Gauntlet | Found a large runed translucent door.
 21867 | Gauntlet | Found a large runed translucent door.
 21868 | Gauntlet | Found a large runed translucent door.
 21868 | Gauntlet | Found a large runed translucent door.
 21869 | Gauntlet | Found a runed translucent gate.
 21869 | Gauntlet | Found a runed translucent gate.
 21869 | Gauntlet | Found a runed translucent gate.
 21871 | Gauntlet | Found a transporter.
 21871 | Gauntlet | Noticed a dire elephant
 21882 | Gauntlet | Found a large runed translucent door.
 21883 | Gauntlet | Found a large runed translucent door.
 21885 | Gauntlet | Found a transporter.
 21896 | Gauntlet | Found a transporter.
 21911 | Gauntlet | Found a transporter.
 21919 | Gauntlet | Found a transporter.
 21936 | Gauntlet | Found a transporter.
 21977 | Gauntlet | Found a transporter.
 21987 | Gauntlet | Found a transporter.
 22019 | Gauntlet | Found a large runed translucent door.
 22020 | Gauntlet | Found a large runed translucent door.
 22026 | Gauntlet | Noticed a death ooze
 22227 | Gauntlet | Reached skill level 5 in Hexes
 22261 | Gauntlet | Got a twisted cloak
 22479 | Gauntlet | Identified the cursed -2 cloak "Fukkuyco" {rC+ SInv} (You
                  | found it in a Gauntlet)
 22514 | Gauntlet | Killed a dire elephant
 22514 | Gauntlet | Reached skill level 5 in Shields
 22536 | Gauntlet | Reached XP level 14. HP: 116/116 MP: 26/26
 22787 | Gauntlet | Got a bloodstained dire flail
 22933 | Lair:4   | Found a staircase to the Snake Pit.
 22944 | Lair:4   | Reached skill level 10 in Dodging
 23547 | Lair:5   | Noticed Urug
 23990 | Lair:5   | Killed Urug
 24290 | Lair:4   | HP: 4/116 [polar bear (16)]
 25418 | Lair:6   | Entered Level 6 of the Lair of Beasts
 25844 | Lair:6   | Reached skill level 11 in Dodging
 27687 | Lair:6   | Learned a level 1 spell: Apportation
 28975 | Lair:6   | Found a viscous altar of Jiyva.
 28976 | Lair:6   | Found a staircase to the Slime Pits.
 29159 | Lair:6   | Reached skill level 12 in Dodging
 29165 | Lair:6   | Reached XP level 15. HP: 104/125 MP: 27/27
 30914 | Lair:6   | Identified the +9 dire flail of Malaise {venom, MR+ Int+4
                  | Dex+5} (You found it in a Gauntlet)
 32270 | D:12     | Found a hazy altar of Hepliaklqana.
 33288 | D:12     | Noticed Frances
 33310 | D:12     | Gained mutation: You are frail. (-10% HP) [you]
 33329 | D:12     | Killed Frances
 33475 | D:12     | Lost mutation: You are frail. (-10% HP) [potion of
                  | mutation]
 33475 | D:12     | Gained mutation: You do not regenerate when monsters are
                  | visible. [potion of mutation]
 33475 | D:12     | Gained mutation: You are occasionally teleported next to
                  | monsters. [potion of mutation]
 33475 | D:12     | Gained mutation: Your flesh is heat resistant. (rF+)
                  | [potion of mutation]
 33476 | D:12     | Lost mutation: You do not regenerate when monsters are
                  | visible. [potion of mutation]
 33476 | D:12     | Lost mutation: You are occasionally teleported next to
                  | monsters. [potion of mutation]
 33476 | D:12     | Lost mutation: Your flesh is heat resistant. (rF+) [potion
                  | of mutation]
 33476 | D:12     | Gained mutation: Your body sometimes deteriorates upon
                  | taking damage. [potion of mutation]
 33476 | D:12     | Gained mutation: Your movements are slightly less
                  | encumbered by armour. (ER -2) [potion of mutation]
 33476 | D:12     | Gained mutation: Your spells are a little harder to cast,
                  | but a little more powerful. [potion of mutation]
 33476 | D:12     | Gained mutation: You have a pair of small antennae on your
                  | head. [potion of mutation]
 33984 | D:13     | Reached skill level 13 in Dodging
 34219 | D:13     | Lost mutation: Your movements are slightly less encumbered
                  | by armour. (ER -2) [potion of mutation]
 34219 | D:13     | Lost mutation: Your body sometimes deteriorates upon taking
                  | damage. [potion of mutation]
 34219 | D:13     | Lost mutation: You have a pair of small antennae on your
                  | head. [potion of mutation]
 34219 | D:13     | Gained mutation: Your system is resistant to poisons.
                  | (rPois) [potion of mutation]
 34219 | D:13     | Gained mutation: You expend magic power (3 MP) to
                  | strengthen your wands. [potion of mutation]
 34219 | D:13     | Gained mutation: You are clumsy. (Dex -2) [potion of
                  | mutation]
 34219 | D:13     | Gained mutation: You can translocate small distances at
                  | will. [potion of mutation]
 34329 | D:13     | Noticed Azrael
 34361 | D:13     | Killed Azrael
 34680 | D:13     | Found a gate to the Vaults.
 35687 | D:14     | Found Suan's Gadget Shop.
 35693 | D:14     | Bought a wand of iceblast (10) for 224 gold pieces
 35693 | D:14     | Bought a wand of scattershot (7) for 528 gold pieces
 35693 | D:14     | Bought a wand of clouds (6) for 480 gold pieces
 35693 | D:14     | Bought a wand of digging (4) for 256 gold pieces
 36132 | D:15     | Entered Level 15 of the Dungeon
 36650 | D:15     | Noticed Josephine
 36668 | D:15     | Noticed Agnes
 36683 | D:15     | Killed Josephine
 36683 | D:15     | Reached XP level 16. HP: 126/134 MP: 28/28
 36698 | D:15     | Killed Agnes
 37240 | D:15     | Found a staircase to the Depths.
 37673 | D:6      | Bought a potion of curing for 39 gold pieces
 37673 | D:6      | Bought a potion of cancellation for 104 gold pieces
 37673 | D:6      | Bought a potion of mutation for 104 gold pieces
 37673 | D:6      | Bought a potion of haste for 130 gold pieces
 37673 | D:6      | Bought a potion of agility for 52 gold pieces
 37673 | D:6      | Bought 2 potions of haste for 260 gold pieces
 37745 | Orc:1    | Entered Level 1 of the Orcish Mines
 37832 | Orc:1    | Reached skill level 14 in Dodging
 37890 | Orc:1    | Found a roughly hewn altar of Beogh.
 37898 | Orc:1    | Reached skill level 15 in Fighting
 38174 | Orc:2    | Entered Level 2 of the Orcish Mines
 38353 | Orc:2    | Found a roughly hewn altar of Beogh.
 38400 | Orc:2    | Reached skill level 10 in Shields
 38487 | Orc:2    | Found a staircase to the Elven Halls.
 38552 | Orc:2    | Found a roughly hewn altar of Beogh.
 38570 | Orc:2    | Found Vaveugi's Antique Armour Shoppe.
 38919 | Orc:2    | Found Guotaoc's Antique Weapon Shop.
 38942 | Orc:2    | Found Mowajec's Antique Armour Boutique.
 38943 | Orc:2    | Found a roughly hewn altar of Beogh.
 39135 | Orc:2    | Found a roughly hewn altar of Beogh.
 39248 | Orc:2    | Found a roughly hewn altar of Beogh.
 39279 | Orc:2    | Found a roughly hewn altar of Beogh.
 39345 | Orc:2    | Found a roughly hewn altar of Beogh.
 39375 | Orc:2    | Found Edghirofe's Food Emporium.
 39468 | Orc:2    | Bought the +0 Maxwell's etheric cage {RegenMP+ *Contam
                  | rElec MP+4} for 1240 gold pieces
 39468 | Orc:2    | Found the +0 Maxwell's etheric cage {RegenMP+ *Contam rElec
                  | MP+4}
 39619 | Orc:1    | Noticed Erolcha
 39632 | Orc:1    | Killed Erolcha
 39954 | Snake:1  | Entered Level 1 of the Snake Pit
 43676 | Snake:1  | Found a runed translucent gate.
 43676 | Snake:1  | Found a runed translucent gate.
 43676 | Snake:1  | Found a runed translucent gate.
 43676 | Snake:1  | Noticed poirepourri's ghost (adept MiFi)
 43836 | Snake:2  | Found Gefeext's Book Boutique.
 43846 | Snake:2  | Bought a book of Dreams for 825 gold pieces
 43852 | Snake:2  | Learned a level 5 spell: Silence
 43859 | Snake:2  | Learned a level 6 spell: Darkness
 43866 | Snake:2  | Learned a level 6 spell: Shadow Creatures
 43900 | Snake:2  | Reached skill level 15 in Dodging
 44248 | Snake:2  | Identified the +8 dire flail "Begoav" {elec, rPois rF+++
                  | Str-4 Int-2}
 44248 | Snake:2  | Noticed Sokuv's ghost (adept DECj)
 44249 | Snake:2  | Identified the +4 great mace of Circular Logic {crush,
                  | *Slow rN+ Int+5 Dex+3}
 44250 | Snake:2  | Found a bloodstained altar of Trog.
 44264 | Snake:2  | Found a transporter.
 44317 | Snake:2  | Found a transporter.
 44326 | Snake:2  | Found Wushaugi's Armour Emporium.
 44331 | Snake:2  | Found Yramaji's General Store.
 44346 | Snake:2  | Bought a scroll of amnesia for 63 gold pieces
 45114 | Snake:3  | Identified Roxanne's Volume of the Mountains
 45114 | Snake:3  | Noticed Roxanne
 45293 | Snake:3  | Found a hazy altar of Hepliaklqana.
 45294 | Snake:3  | Found Yshroopi's Jewellery Shoppe.
 45332 | Snake:3  | Reached XP level 17. HP: 135/144 MP: 29/29
 45761 | Snake:3  | Found Utiamaho's Magic Scroll Emporium.
 45769 | Snake:3  | Bought a scroll of enchant armour for 90 gold pieces
 45769 | Snake:3  | Bought a scroll of enchant weapon for 90 gold pieces
 45843 | Snake:3  | Noticed Vashnia
 47482 | Snake:3  | Noticed Asterion
 47491 | Snake:3  | Gained mutation: Your magical capacity is low. (-10% MP) [a
                  | cacodemon]
 47953 | Snake:3  | Found Sisaic's Jewellery Shop.
 47998 | Snake:3  | Bought the amulet "Toit" {Acrobat Int+2} for 453 gold
                  | pieces
 48058 | Snake:4  | Entered Level 4 of the Snake Pit
 48588 | Snake:4  | Reached skill level 16 in Dodging
 49416 | Snake:3  | Killed Asterion
 49512 | Snake:3  | Killed Vashnia
 49990 | Snake:3  | Killed Roxanne
 50162 | Snake:3  | Found Neshros's Antique Weapon Shop.
 51219 | Snake:4  | Found a runed translucent door.
 51220 | Snake:4  | Noticed Siddir's ghost (journeyman MiBe)
 51853 | Snake:4  | Reached XP level 18. HP: 105/153 MP: 27/27
 52165 | Snake:4  | Identified a scroll of acquirement
 53118 | Snake:4  | Reached skill level 10 in Armour
 54004 | Snake:4  | Reached skill level 17 in Dodging
 54117 | Snake:4  | Got a serpentine rune of Zot
 54336 | Snake:2  | Bought the +10 large shield of Ignorance {rN+ Int-4} for
                  | 859 gold pieces
 54336 | Snake:2  | Found the +10 large shield of Ignorance {rN+ Int-4}
 54385 | Snake:2  | Bought a manual of Hexes for 1214 gold pieces
 54515 | Swamp:1  | Entered Level 1 of the Swamp
 54550 | Swamp:1  | Found a transporter.
 54550 | Swamp:1  | Noticed Louise
 54557 | Swamp:1  | Noticed doot's ghost (journeyman DsAK)
 54594 | Swamp:1  | Killed Louise
 54604 | Swamp:1  | Found a transporter.
 54610 | Swamp:1  | Found a bloodstained altar of Trog.
 54610 | Swamp:1  | Identified the cursed +2 demon whip of Ximenyl {vamp, MR-
                  | Int+4 Dex+3}
 54618 | Swamp:1  | Identified the cursed +0 war axe of Springtime {drain,
                  | Str+2}
 55686 | Swamp:2  | Found the +2 Maxwell's thermic engine {flame, freeze}
 57950 | Swamp:4  | Entered Level 4 of the Swamp
 58021 | Swamp:4  | Reached skill level 10 in Hexes
 58637 | Swamp:4  | Reached XP level 19. HP: 96/161 MP: 28/28
 59002 | Swamp:4  | Reached skill level 18 in Dodging
 59498 | Swamp:4  | Got a distressingly furry robe
 59499 | Swamp:4  | Identified the +2 robe of Tides {rN+ SInv Stlth+} (You
                  | found it on level 4 of the Swamp)
 59508 | Swamp:4  | Noticed the 27-headed Lernaean hydra
 59526 | Swamp:4  | Killed the 25-headed Lernaean hydra
 59800 | Swamp:4  | Got a decaying rune of Zot
 60399 | D:6      | Bought a potion of agility for 52 gold pieces
 60399 | D:6      | Bought a potion of magic for 104 gold pieces
 60570 | D:11     | Bought a potion of mutation for 136 gold pieces
 60570 | D:11     | Bought a potion of heal wounds for 85 gold pieces
 60570 | D:11     | Bought a potion of might for 68 gold pieces
 60570 | D:11     | Bought 2 potions of haste for 340 gold pieces
 60570 | D:11     | Bought a potion of heal wounds for 85 gold pieces
 60570 | D:11     | Bought a potion of cancellation for 136 gold pieces
 60570 | D:11     | Bought a potion of lignification for 51 gold pieces
 60570 | D:11     | Bought a potion of lignification for 51 gold pieces
 60570 | D:11     | Bought a potion of brilliance for 68 gold pieces
 60570 | D:11     | Bought a potion of cancellation for 136 gold pieces
 61177 | D:11     | Found Cuynej's Distillery.
 61369 | D:11     | Found a staircase to the Lair.
 61651 | Vaults:1 | Entered Level 1 of the Vaults
 62793 | Vaults:1 | Found Dacex's Jewellery Shoppe.
 64823 | Orc:2    | Bought a bronze ring mail for 279 gold pieces
 64823 | Orc:2    | Bought a pair of polished boots for 294 gold pieces
 64823 | Orc:2    | Bought an ichor-stained scale mail for 279 gold pieces
 64824 | Orc:2    | Identified the +6 ring mail "Huhe" {rF+} (You bought it in
                  | a shop on level 2 of the Orcish Mines)
 64825 | Orc:2    | Identified the +6 scale mail of Jooxo {Str+2 SInv} (You
                  | bought it in a shop on level 2 of the Orcish Mines)
 64826 | Orc:2    | Identified the cursed +0 pair of boots of Fiergh {-Cast rF+
                  | rN+} (You bought it in a shop on level 2 of the Orcish
                  | Mines)
 65820 | Vaults:2 | Reached XP level 20. HP: 153/168 MP: 30/30
 66418 | Vaults:2 | Reached skill level 19 in Dodging
 66572 | Vaults:2 | Found a staircase to the Crypt.
 68218 | Vaults:2 | Reached skill level 10 in Spellcasting
 68759 | Vaults:2 | Paralysed by a hornet for 2 turns
 69831 | Vaults:3 | Reached skill level 15 in Shields
 70275 | Orc:2    | Bought a ration for 60 gold pieces
 70275 | Orc:2    | Bought a ration for 60 gold pieces
 70275 | Orc:2    | Bought a ration for 60 gold pieces
 70275 | Orc:2    | Bought a ration for 60 gold pieces
 70275 | Orc:2    | Bought a ration for 60 gold pieces
 70275 | Orc:2    | Bought a ration for 60 gold pieces
 70275 | Orc:2    | Bought a ration for 60 gold pieces
 70275 | Orc:2    | Bought a ration for 60 gold pieces
 70275 | Orc:2    | Bought a ration for 60 gold pieces
 70593 | Snake:1  | Killed poirepourri's ghost
 70671 | Snake:1  | Got a smoking helmet
 70676 | Snake:1  | Identified the +1 helmet "Irihis" {rPois Str+4} (You found
                  | it on level 1 of the Snake Pit)
 72218 | Vaults:3 | Got a shimmering scale mail
 72229 | Vaults:3 | Identified the +7 scale mail of the Endless Expanse {Int+4
                  | Stlth+} (You found it on level 3 of the Vaults)
 72293 | Vaults:3 | Reached skill level 1 in Summonings
 72293 | Vaults:3 | Reached XP level 21. HP: 174/174 MP: 32/32
 72424 | Vaults:3 | Reached skill level 15 in Hexes
 72708 | Vaults:3 | Identified the Almanac of Enchanting Combat Magic
 73019 | Vaults:3 | Reached skill level 20 in Dodging
 75219 | Vaults:5 | Entered Level 5 of the Vaults
 75721 | Vaults:4 | Reached skill level 5 in Summonings
 77109 | Vaults:4 | Cast into level 3 of the Abyss (a deep elf sorcerer)
 77208 | Abyss:3  | Found a corrupted altar of Lugonu.
 77666 | Abyss:3  | Reached XP level 22. HP: 81/181 MP: 34/34
 77735 | Vaults:4 | Escaped the Abyss
 78302 | Vaults:5 | Noticed an ancient lich
 78339 | Vaults:4 | Reached skill level 21 in Dodging
 79364 | Vaults:4 | HP: 5/181 [Hell Sentinel/iron shot[an ancient lich] (55)]
 79365 | Vaults:4 | Mangled by a Hell Sentinel

Skill      XL: |  1  2  3  4  5  6  7  8  9 10 11 12 13 14 15 16 17 18 19 20 21 22 |
---------------+-------------------------------------------------------------------+-----
Polearms       | 5 6 7 9 11 14 | 14.1
Fighting       | 3 4 6 7 9 11 12 13 14 15 16 17 | 17.0
Shields        | 1 2 3 4 5 7 9 11 12 13 14 15 | 15.0
Dodging        | 5 6 9 12 13 15 16 17 18 19 20 21 | 21.0
Transmutations | 3 7 10 | 10.8
Spellcasting   | 2 5 7 8 9 10 11 12 | 12.2
Armour         | 6 7 8 9 10 11 12 | 12.1
Hexes          | 5 8 10 12 14 15 16 | 16.1
Summonings     | 1 6 |  6.9
Throwing       | |  2.0

Action                   |  1- 3 |  4- 6 |  7- 9 | 10-12 | 13-15 | 16-18 | 19-21 | 22-24 || total
-------------------------+-------+-------+-------+-------+-------+-------+-------+-------++-------
Melee: Trident           |   109 |   243 |   569 |   252 |  2019 |  3312 |  2646 |       ||  9150
       Tailslap          |       |       |       |       |    65 |   118 |    12 |       ||   195
       Double sword      |       |       |       |       |       |     9 |     5 |       ||    14
       Demon trident     |       |       |       |       |       |       |   605 |   277 ||   882
 Fire: Hunting sling     |       |       |       |   258 |   493 |   194 |    31 |       ||   976
Throw: Throwing net      |       |       |       |       |       |     2 |       |       ||     2
 Cast: Apportation       |       |       |       |       |     1 |       |       |       ||     1
       Yara's Violent Un |       |       |       |       |     4 |    15 |     5 |       ||    24
       Darkness          |       |       |       |       |       |       |     4 |     4 ||     8
Invok: Potion Petition   |       |       |       |       |     6 |     1 |     1 |     3 ||    11
 Abil: Blink             |       |       |       |       |       |       |     1 |       ||     1
Evoke: Wand              |       |       |       |     8 |    26 |     8 |     2 |     5 ||    49
       Lamp of fire      |       |       |       |       |     2 |     2 |     1 |     1 ||     6
       Sack of spiders   |       |       |       |       |     1 |       |       |       ||     1
  Use: Potion            |       |     3 |       |     5 |    19 |     5 |    14 |       ||    46
       Scroll            |       |       |    22 |     1 |    23 |    20 |    19 |     1 ||    86
 Stab: Sleeping          |     1 |     1 |     1 |     1 |     2 |       |       |       ||     6
       Distracted        |       |       |       |     2 |     8 |    19 |    23 |     1 ||    53
       Invisible         |       |       |       |       |     6 |       |     3 |       ||     9
       Petrified         |       |       |       |       |    12 |       |       |       ||    12
       Petrifying        |       |       |       |       |     2 |       |       |       ||     2
       Confused          |       |       |       |       |       |    12 |       |       ||    12
       Held in net/web   |       |       |       |       |       |     1 |       |       ||     1
       Paralysed         |       |       |       |       |       |     2 |       |       ||     2
  Eat: Chunk             |       |     6 |    14 |       |       |       |       |       ||    20
       Ration            |       |     1 |     1 |     6 |    20 |    22 |    20 |     2 ||    72
Armor: Leather armour    |    20 |    41 |    67 |    41 |   223 |       |       |       ||   392
       Scale mail        |       |       |       |       |   117 |   513 |   550 |    95 ||  1275
Dodge: Dodged            |    62 |   109 |   254 |   225 |  1110 |  1071 |  1431 |   224 ||  4486
Block: Buckler           |     3 |    22 |   118 |   141 |   689 |     4 |       |       ||   977
       Shield            |       |       |       |       |       |   930 |  1623 |   194 ||  2747
       Reflection        |       |       |       |       |       |   132 |       |       ||   132
       Large shield      |       |       |       |       |       |  1030 |   203 |       ||  1233
       Rpst.: Double sword |       |       |       |       |       |     2 |       |       ||     2
